 Dungeon Crawl Stone Soup version 0.31.0 (webtiles) character file.

Game seed: 879582194346930467

128 qw the Shooter (level 5, 0/32 HPs)
             Began as a Gargoyle Hunter on Jan 19, 2024.
             Incinerated by a bombardier beetle (6 damage)
             ... with a burning spray
             ... on level 3 of the Dungeon.
             The game lasted 00:00:07 (1520 turns).

qw the Shooter (Gargoyle Hunter)                    Turns: 1520, Time: 00:00:08

Health: 0/32       AC:  9    Str: 15    XL:     5   Next: 11%
Magic:  0/5        EV: 11    Int:  9    God:
Gold:   122        SH:  0    Dex: 15    Spells: 4/4 levels left

rFire   . . .        a - +3 shortbow (heavy)
rCold   . . .        (shield currently unavailable)
rNeg    + + .        d - +0 ring mail
rPois   inf          (no helmet)
rElec   +            (no cloak)
rCorr   .            (no gloves)
SInv    .            (no boots)
Will    .....        b - amulet of guardian spirit
Stlth   +            l - ring of positive energy
HPRegen 0.25/turn    (no ring)
MPRegen 0.09/turn

%: guardian spirit
@: on fire, glowing
A: sickness immunity, AC +4, negative energy resistance 1, electricity
resistance, torment resistance 1, petrification resistance
a: no special abilities


You were on level 3 of the Dungeon.
You visited 1 branch of the dungeon, and saw 3 of its levels.

You collected 122 gold pieces.


Innate Abilities, Weirdness & Mutations

You are immune to sickness and miasma.
Your stone body is resilient. (AC +4)
You are immune to poison.
You resist negative energy. (rN+)
You are resistant to electric shocks. (rElec)
You are resistant to unholy torment.
You are immune to petrification.


   Skills:
 - Level 3.1 Fighting
 + Level 5.7 Ranged Weapons
 - Level 1.2 Armour
 - Level 1.5 Dodging
 - Level 1.1 Stealth


You had 4 spell levels left.
You didn't know any spells.
Your spell library was empty.

Inventory:

Hand Weapons
 a - a +3 heavy shortbow (weapon)
Armour
 c - a scarf of resistance
 d - a +0 ring mail (worn)
Jewellery
 b - an amulet of guardian spirit (around neck)
 l - a ring of positive energy (left hand)
Scrolls
 e - a scroll of revelation {unknown}
 g - a scroll of brand weapon
 h - a scroll of poison {unknown}
Potions
 f - 2 potions of might {unknown}
 k - a potion of brilliance {unknown}

Dungeon Overview and Level Annotations

Branches:
Dungeon (3/15)

Altars:
Ashenzari

Annotations:
D:3 Sigmund


Message History

You start resting.
Magic restored.
You start resting.
HP restored.
You see here a +0 dagger.
You see here a +0 club.
Found a stone staircase leading down.
Found a broken altar of Ashenzari.
Sigmund whispers, "You'll know eternity soon."
A hobgoblin comes into view.
You shoot an arrow. The arrow hits the hobgoblin!
You kill the hobgoblin!
Found 5 stones.
c - a scarf of resistance
There is a broken altar of Ashenzari here.
You see here an orb of mayhem.
h - a scroll labelled EMUCUC BIPS A bombardier beetle comes into view.
Found a stone staircase leading down.
You shoot an arrow.
The arrow barely misses the bombardier beetle.
The bombardier beetle sprays incendiary fluid at you.
The burning spray hits you.
You are covered in liquid fire!
You shoot an arrow.
The arrow barely misses the bombardier beetle.
The liquid fire burns you!
You shoot an arrow. The arrow hits the bombardier beetle!
The bombardier beetle is heavily wounded.
The liquid fire burns you!
You shoot an arrow. The arrow hits the bombardier beetle.
The bombardier beetle is almost dead.
The liquid fire burns you!
You shoot an arrow. The arrow hits the bombardier beetle.
The bombardier beetle is almost dead.
The liquid fire burns you!
You shoot an arrow. The arrow hits the bombardier beetle.
You kill the bombardier beetle!
The liquid fire burns you!
You die...

## ># .# .#
.# .# ####.#
##..@.# #
###..####
#.#####...##
#.......###
####...##
#####...##
#........####
#.##.#.#....#
#.#########.#


There were no monsters in sight!

Vanquished Creatures
  A bombardier beetle (D:3)
  Robin (D:3)
  4 adders
  A dart slug (D:2)
  A ribbon worm (D:2)
  2 orcs (D:3)
  4 bats
  7 endoplasms
  2 giant cockroaches
  8 goblins
  13 hobgoblins
  4 jackals (D:1)
  2 quokkas (D:2)
  8 ball pythons
  3 kobolds
  7 rats
68 creatures vanquished.

Notes
Turn   | Place    | Note
-------+----------+-------------------------------------------
     0 | D:1      | qw the Gargoyle Hunter began the quest for the Orb.
     0 | D:1      | Reached XP level 1. HP: 12/12 MP: 1/1
     0 | D:1      | 0 ||| qw: Version: 0.3-a-132-g3d54051
     0 | D:1      | 0 ||| qw: Game counter: 220
     0 | D:1      | 0 ||| qw: Melee chars always use a shield: true
     0 | D:1      | 0 ||| qw: God list: Okawaru
     0 | D:1      | 0 ||| qw: Allow faded altars: false
     0 | D:1      | 0 ||| qw: Do Orc after clearing Dungeon:15 true
     0 | D:1      | 0 ||| qw: Do second Lair branch before Depths: true
     0 | D:1      | 0 ||| qw: Lair rune preference: random
     0 | D:1      | 0 ||| qw: Goals: Normal
     0 | D:1      | 0 ||| PLANNING D:1-11
    65 | D:1      | Reached XP level 2. HP: 17/17 MP: 2/2
   326 | D:1      | Found a faded altar of an unknown god.
   454 | D:1      | Reached XP level 3. HP: 21/21 MP: 3/3
   583 | D:1      | 583 ||| UPGRADING to +0 ring mail.
   593 | D:1      | 593 ||| DROPPING +0 leather armour.
   594 | D:1      | 594 ||| READING 3 scrolls labelled ONUUNK WOUFADO.
   594 | D:1      | 594 ||| BRANDING +0 shortbow.
   595 | D:1      | 595 ||| READING 2 scrolls of brand weapon.
   595 | D:1      | 595 ||| BRANDING +0 shortbow of freezing.
   596 | D:1      | 596 ||| DRINKING 2 coppery potions.
   597 | D:1      | 597 ||| DROPPING scroll of butterflies.
   598 | D:1      | 598 ||| DROPPING potion of magic.
   700 | D:2      | Reached skill level 1 in Armour
   727 | D:2      | Reached skill level 5 in Ranged Weapons
   879 | D:2      | 879 ||| FLEEEEING.
   915 | D:2      | Reached XP level 4. HP: 27/27 MP: 4/4
  1027 | D:2      | Reached skill level 3 in Fighting
  1173 | D:2      | 1173 ||| UPGRADING to amulet of guardian spirit.
  1178 | D:2      | 1178 ||| UPGRADING to ring of positive energy.
  1179 | D:2      | 1179 ||| READING 2 scrolls labelled NOHASH RUYFF.
  1180 | D:2      | 1180 ||| FLEEEEING.
  1184 | D:2      | 1184 ||| READING scroll labelled QILUMUPROTATH.
  1185 | D:2      | 1185 ||| READING scroll labelled NISCHE LASTO.
  1186 | D:2      | 1186 ||| READING 2 scrolls labelled XAHIFR HUMOAF.
  1186 | D:2      | 1186 ||| IDENTIFYING black potion
  1187 | D:2      | 1187 ||| READING scroll of identify.
  1187 | D:2      | 1187 ||| IDENTIFYING murky emerald potion
  1188 | D:2      | 1188 ||| READING 3 scrolls labelled GAJUWA YFAHO.
  1188 | D:2      | 1188 ||| ENCHANTING +0 heavy shortbow.
  1189 | D:2      | 1189 ||| READING 2 scrolls of enchant weapon.
  1189 | D:2      | 1189 ||| ENCHANTING +1 heavy shortbow.
  1190 | D:2      | 1190 ||| READING scroll of enchant weapon.
  1190 | D:2      | 1190 ||| ENCHANTING +2 heavy shortbow.
  1191 | D:2      | 1191 ||| DROPPING potion of invisibility.
  1192 | D:2      | 1192 ||| DROPPING potion of attraction.
  1321 | D:3      | Noticed Robin
  1326 | D:3      | HP: 7/28 [goblin/+0 dagger (2)]
  1327 | D:3      | 1327 ||| READING scroll of teleportation.
  1329 | D:3      | Killed Robin
  1329 | D:3      | HP: 1/28 [orc/+0 hand axe (3)]
  1330 | D:3      | Reached XP level 5. HP: 1/32 MP: 0/5
  1477 | D:3      | Noticed Sigmund
  1481 | D:3      | Found a broken altar of Ashenzari.
  1519 | D:3      | HP: 5/32 [burnt (8)]
  1520 | D:3      | Incinerated by a bombardier beetle

Levels and vault maps discovered:
D:1:      roderic_crop_circles_arrival_small, layout_loops_ring,
          hellmonk_ecumenical_altar_pennies_from_heaven
D:2:      minmay_wonky_spiral, layout_rooms, minmay_octomino_e4
D:3:      layout_basic, nicolae_overflow_hidden_temple,
          mainiacjoe_overflow_paths, minmay_checkerbox, uniq_sigmund, uniq_robin

Skill      XL: |  1  2  3  4 |
---------------+-------------+-----
Armour         | 1 |  1.2
Ranged Weapons | 5 |  5.7
Fighting       | 3 |  3.1
Dodging        | |  1.5
Stealth        | |  1.1

Action                     |  1- 3 |  4- 6 || total
---------------------------+-------+-------++-------
   Fire: Shortbow          |   104 |    57 ||   161
    Use: Scroll            |     2 |     9 ||    11
         Potion            |     1 |       ||     1
 Armour: Leather armour    |    21 |       ||    21
         Ring mail         |    22 |    56 ||    78
  Dodge: Dodged            |    30 |    35 ||    65

Table legend:
 A = Non-vault XP
 B = Vault XP
 C = Vault XP percentage of total XP
 D = Non-vault monster count
 E = Vault monster count
 F = Vault count percentage of total count
                 A         B        C        D         E       F
            +---------+---------+-------+---------+---------+-------
      Total |     188 |      43 |  18.6 |      53 |      15 |  22.1
            +---------+---------+-------+---------+---------+-------
        D:1 |      35 |       0 |   0.0 |      20 |       0 |   0.0
        D:2 |      76 |      12 |  13.6 |      22 |       7 |  24.1
        D:3 |      77 |      31 |  28.7 |      11 |       8 |  42.1
            +---------+---------+-------+---------+---------+-------
